 Dungeon Crawl Stone Soup version 0.31-a0-965-g8a8ce12e04 (webtiles) character file.

Game seed: 17787525547245166928

2 Pixllover the Shield-Bearer (level 1, -1/22 HPs)
             Began as a Troll Fighter on Oct 26, 2023.
             Slain by a gnoll
             ... wielding a +0 spear
              (5 damage)
             ... on level 1 of the Dungeon.
             The game lasted 00:00:13 (119 turns).

Pixllover the Shield-Bearer (Troll Fighter)          Turns: 119, Time: 00:00:13

Health: -1/22      AC:  4    Str: 23    XL:     1   Next: 25%
Magic:  0/0        EV:  8    Int:  4    God:
Gold:   17         SH:  7    Dex:  9    Spells: 0/0 levels left

rFire   . . .        a - +0 flail
rCold   . . .        c - +0 kite shield
rNeg    . . .        b - +0 robe
rPois   .            (helmet restricted)
rElec   .            (no cloak)
rCorr   .            (gloves unavailable)
SInv    .            (boots unavailable)
Will    .....        (no amulet)
Stlth   +            (no ring)
HPRegen 1.03/turn    (no ring)
MPRegen 0.07/turn

%: no passive effects
@: no status effects
A: large, unfitting armour, claws 3, regeneration 1, shaggy fur 1, tough skin 1
a: no special abilities


You were on level 1 of the Dungeon.
You visited 1 branch of the dungeon, and saw 1 of its levels.

You collected 17 gold pieces.

Inventory:

Hand Weapons
 a - a +0 flail (weapon)
Armour
 b - a +0 robe (worn)
 c - a +0 kite shield (worn)
Potions
 d - a potion of might
 e - a potion of degeneration {unknown}
 f - a potion of haste {unknown}


   Skills:
 + Level 2.4 Fighting
 + Level 1.7 Maces & Flails
 + Level 2.4 Dodging
 + Level 2.7 Shields


You couldn't memorise any spells.
You didn't know any spells.
Your spell library contained the following spells:

 Spells                   Type           Power      Damage    Failure   Level
 Magic Dart               Conj           0%         1d3       78%         1
 Call Imp                 Summ           0%         N/A       89%         2
 Mephitic Cloud           Conj/Pois/Air  0%         N/A       98%         3


Dungeon Overview and Level Annotations

Branches:
Dungeon (1/15)

Altars:


Innate Abilities, Weirdness & Mutations

You are too large for most types of armour.
You have claws for hands.
Your natural rate of healing is unusually fast.
You are covered in fur. (AC +1)
You have tough skin. (AC +1)


Message History

Found a dagger.
You block the kobold's attack. You block the gnoll's attack.
You hit the gnoll but do no damage.
A rat comes into view.
You block the kobold's attack. The gnoll hits you with a +0 spear.
You closely miss the gnoll. The kobold closely misses you.
The rat twitches its whiskers.
The gnoll hits you with a +0 spear. The gnoll barely misses you.
The kobold barely misses you.
You closely miss the gnoll. The kobold hits you but does no damage.
You block the gnoll's attack.
You barely miss the gnoll. You block the rat's attack.
The kobold hits you but does no damage. The gnoll hits you with a +0 spear.
You block the kobold's attack. The gnoll barely misses you. The rat bites you.
You closely miss the gnoll. The rat bites you but does no damage.
The gnoll hits you with a +0 spear. You block the kobold's attack.
You barely miss the gnoll. The rat completely misses you.
The kobold hits you with a +0 whip. The gnoll hits you with a +0 spear.
The gnoll hits you but does no damage. The rat barely misses you.
The kobold hits you but does no damage.
You barely miss the gnoll. The rat bites you. The kobold completely misses you.
The gnoll closely misses you.
You barely miss the gnoll. You block the rat's attack.
The kobold hits you with a +0 whip. You block the gnoll's attack.
You hit the gnoll.
The gnoll is moderately wounded.
You block the kobold's attack. The rat bites you but does no damage.
The gnoll barely misses you. The rat barely misses you.
The gnoll hits you with a +0 spear. The kobold hits you with a +0 whip.
* * * LOW HITPOINT WARNING * * *
You closely miss the gnoll.
The gnoll is moderately wounded.
The rat barely misses you. The kobold hits you but does no damage.
The gnoll hits you with a +0 spear.
* * * LOW HITPOINT WARNING * * *
You hit the gnoll.
The gnoll is heavily wounded.
The rat bites you but does no damage. The kobold hits you with a +0 whip.
* * * LOW HITPOINT WARNING * * *
The gnoll hits you with a +0 spear.
You die...

#. .# ..
### # #.
..#
#.#.##.#
#.#....#.#
)....>Kr.#
#....g@.#
######
#.##.##.#
##....# #
#.###
#.....#
#.#.#
#..#..#
#.#.#
#.....#
#...#
#..####
#...# #..#
#.######..#
#.# #.....#


You could see a gnoll, a kobold and a rat.

Vanquished Creatures
  A ball python (D:1)
  2 rats (D:1)
3 creatures vanquished.

Notes
Turn   | Place    | Note
-------+----------+-------------------------------------------
     0 | D:1      | Pixllover the Troll Fighter began the quest for the Orb.
     0 | D:1      | Reached XP level 1. HP: 22/22 MP: 0/0
   119 | D:1      | Slain by a gnoll

Illustrated notes

Levels and vault maps discovered:
D:1:      dpeg_arrival_tiny_c, layout_basic

Action                     || total
---------------------------++-------
  Melee: Flail             ||    21
 Armour: Robe              ||    27
  Dodge: Dodged            ||    13
  Block: Kite shield       ||    15

Table legend: (Time is in decaauts)
 A = Elapsed time spent in this place.
 B = Non-inter-level travel time spent in this place.
 C = Inter-level travel time spent in this place.
 D = Time resting spent in this place.
 E = Time spent auto-exploring this place.
 F = Levels seen in this place.
 G = Mean time per level.
                   A        B        C        D        E       F      G
               +--------+--------+--------+--------+--------+-----+--------+
         Total |    127 |    127 |      0 |      0 |     65 |   1 |  127.0 |
       Dungeon |    127 |    127 |      0 |      0 |     65 |   1 |  127.0 |
               +--------+--------+--------+--------+--------+-----+--------+

Top non-repeatable levels by time:
     D:1: 127 daAuts
